 Dungeon Crawl Stone Soup version 0.31.0-12-g77e489cdc1 (webtiles) character file.

Game seed: 9071756386472854100

67659 octoduck the Brawler (level 14, -19/140 HPs)
             Began as a Troll Fighter on Feb 18, 2024.
             Was an Initiate of Yredelemnul.
             Demolished by Urug
             ... wielding a +2 demon trident of electrocution
              (27 damage)
             ... on level 13 of the Dungeon on Feb 19, 2024.
             The game lasted 01:24:32 (21920 turns).

octoduck the Brawler (Troll Fighter)               Turns: 21920, Time: 01:24:32

Health: -19/140    AC:  5    Str: 33    XL:     14   Next: 83%
Magic:  19/19      EV: 13    Int:  4    God:    Yredelemnul [......]
Gold:   1982       SH: 16    Dex: 13    Spells: 13/13 levels left

rFire   . .          .
                       - Unarmed
rCold   . . .        b - +0 kite shield
rNeg    + . .        u - +1 robe {Will+}
rPois   .            (helmet restricted)
rElec   .            S - scarf {repulsion}
rCorr   +            (gloves unavailable)
SInv    .            (boots unavailable)
Will    +++..        z - amulet of reflection
Stlth   +            P - ring of Gidase {rN+ rCorr Str+6}
HPRegen 1.23/turn    G - ring of willpower
MPRegen 0.16/turn

%: repel missiles, reflection
@: no status effects
A: large, unfitting armour, claws 3, regeneration 1, shaggy fur 1, tough skin 1
a: Renounce Religion, Recall Undead Harvest


You were on level 13 of the Dungeon.
You worshipped Yredelemnul.
Yredelemnul was aware of your devotion.
You visited 4 branches of the dungeon, and saw 21 of its levels.
You also visited: Sewer, Bailey and Gauntlet.

You collected 1982 gold pieces.

Inventory:

Missiles
 a - 17 poisoned darts
 d - 4 silver javelins
 A - 3 large rocks (quivered)
 C - a curare-tipped dart
 F - 5 javelins
 I - 3 atropa-tipped darts
Armour
 b - a +0 kite shield (worn)
 u - a +1 robe of willpower (worn)
 N - a +2 robe of cold resistance
 Q - a +0 cloak of stealth
 S - a scarf of repulsion (worn)
Jewellery
 o - a ring of ice
 t - a ring of see invisible
 z - an amulet of reflection (around neck)
 B - an amulet of the acrobat
 G - a ring of willpower (right claw)
 O - a ring of protection from fire
 P - the ring of Gidase (left claw) {rN+ rCorr Str+6}
   (You found it in a Gauntlet)

   [ring of strength]

   Str+6:     It affects your strength (+6).
   rN+:       It protects you from negative energy.
   rCorr:     It protects you from acid and corrosion.
Wands
 L - a wand of charming (4)
 R - a wand of polymorph (8)
Scrolls
 c - a scroll of poison
 i - 9 scrolls of fog
 j - 4 scrolls of fear
 l - 2 scrolls of torment
 p - 4 scrolls of immolation
 q - 3 scrolls of teleportation
 r - 3 scrolls of revelation
 w - 2 scrolls of summoning {unknown}
 x - 3 scrolls of blinking
 y - 3 scrolls of vulnerability
 E - 4 scrolls of enchant weapon
 J - 2 scrolls of amnesia
 K - 6 scrolls of enchant armour
 T - a scroll of brand weapon {unknown}
Potions
 e - 4 potions of magic
 f - 5 potions of curing
 g - 3 potions of haste
 h - 8 potions of mutation
 k - 3 potions of ambrosia
 m - 6 potions of attraction
 n - 5 potions of enlightenment
 s - 6 potions of cancellation
 v - 5 potions of brilliance
 D - 4 potions of heal wounds
 H - 3 potions of invisibility
 M - a potion of lignification


   Skills:
 + Level 9.4 Fighting
 + Level 0.0 Throwing
 + Level 9.3 Dodging
 + Level 10.1 Shields
 * Level 17.0 Unarmed Combat
 - Level 9.0 Invocations


You had 13 spell levels left.
You didn't know any spells.
Your spell library contained the following spells:

 Spells                   Type           Power      Damage    Failure   Level
 Magic Dart               Conj           0%         1d3       65%         1
 Necrotise                Necr           0%         1d4       65%         1
 Shock                    Conj/Air       0%         1d3       65%         1
 Slow                     Hex            0%         N/A       65%         1
 Cigotuvi's Dreadful Rot  Necr/Alch/Air  0%         N/A       78%         2
 Searing Ray              Conj           0%         2d4       78%         2
 Static Discharge         Conj/Air       0%         3-3/arc   78%         2
 Confusing Touch          Hex            0%         N/A       95%         3
 Sigil of Binding         Hex            0%         N/A       95%         3
 Stone Arrow              Conj/Erth      0%         3d7       95%         3
 Swiftness                Air            0%         N/A       95%         3
 Vampiric Draining        Necr           0%         2d6       95%         3
 Airstrike                Air            0%         2d(0-16)  100%        4
 Animate Armour           Summ/Erth      0%         N/A       100%        4
 Fulminant Prism          Conj/Alch      0%         3d5       100%        4
 Ignite Poison            Fire/Alch      0%         N/A       100%        4
 Martyr's Knell           Necr/Summ      0%         N/A       100%        4
 Summon Lightning Spire   Summ/Air       0%         N/A       100%        4
 Vhi's Electric Charge    Tloc/Air       0%         N/A       100%        4
 Arcjolt                  Conj/Air       0%         1d10      100%        5
 Curse of Agony           Necr           0%         N/A       100%        5
 Freezing Cloud           Conj/Ice/Air   0%         6-21      100%        5
 Plasma Beam              Fire/Air       0%         2x1d10    100%        6
 Lehudib's Crystal Spear  Conj/Erth      0%         10d2      100%        8


Dungeon Overview and Level Annotations

Branches:
Dungeon (13/15)            Temple (1/1) D:5            Lair (5/5) D:10
  Swamp (0/4) Lair:3        Snake (0/4) Lair:2        Slime (0/5) Lair:5
    Orc (2/2) D:11            Elf (0/3) Orc:2         Sewer (visited)
 Bailey (visited)         Gauntlet (visited)
 Vaults: D:13-14

Altars:
Ashenzari
Cheibriados
Dithmenos
Elyvilon
Fedhas
Gozag
Hepliaklqana
Kikubaaqudgha
Makhleb
Nemelex Xobeh
Okawaru
Qazlal
Ru
Sif Muna
Trog
Uskayaw
Vehumet
Wu Jian
Xom
Yredelemnul
Zin
The Shining One

Shops:
D:2 (   D:8 [   D:11 [

Annotations:
D:9 3 runed translucent doors, turdburglar's ghost, journeyman MfSh
D:13 Urug
Orc:2 Rupert


Innate Abilities, Weirdness & Mutations

You are too large for most types of armour.
You have claws for hands.
Your natural rate of healing is unusually fast.
You are covered in fur. (AC +1)
You have tough skin. (AC +1)


Message History

The boulder beetle is severely wounded.
The boulder beetle leaps!
The centaur shoots an arrow.
The arrow barely misses you.
The centaur shoots an arrow.
The arrow misses you.
You scratch the centaur but do no damage.
The centaur is almost dead.
The centaur unwields a +0 shortbow.
You block the centaur's attack. x2
You block the two-headed ogre's attack. The two-headed ogre barely misses you.
You block the centaur's attack. x2
The boulder beetle curls into a ball and begins rolling!
You block Urug's attack. The centaur misses you.
The centaur kicks you but does no damage.
The seven-headed hydra attacks as it pursues you!
The seven-headed hydra bites you.
You block the seven-headed hydra's attack.
The seven-headed hydra completely misses you.
You block the seven-headed hydra's attack.
The seven-headed hydra completely misses you.
The seven-headed hydra bites you. The seven-headed hydra misses you.
Urug hits you from afar with a +2 demon trident of electrocution!
You block the centaur's attack. x2
Urug hits you with a +2 demon trident of electrocution!!
You block the centaur's attack. The centaur kicks you.
The boulder beetle stops rolling and uncurls.
The two-headed ogre attacks as it pursues you!
You block the two-headed ogre's attack.
The two-headed ogre hits you with a +0 giant spiked club!!
The seven-headed hydra attacks as it pursues you!
You block the seven-headed hydra's attack. x2
The seven-headed hydra bites you! x2
* * * LOW HITPOINT WARNING * * *
The seven-headed hydra completely misses you.
The seven-headed hydra bites you!
* * * LOW HITPOINT WARNING * * *
The seven-headed hydra bites you!
* * * LOW HITPOINT WARNING * * *
Urug hits you with a +2 demon trident of electrocution!!
You die...
Urug screams, "Revenge at last!"
Your body rises from the dead as a mindless zombie.

............##
.>...........###
....?..........[
................
...............#
...^......#.....
.......)......#.
#.........
#.@.####.
#oOD####.#
#.c......#
#.B..#####
###..°.#
#....°.#
#..#..#...#
#.......>.....
.............###


You could see a boulder beetle, a seven-headed hydra, Urug, a two-headed ogre
and a centaur.

Vanquished Creatures
  An orc warlord (Bailey)
  A minotaur (Gauntlet)
  The ghost of jimmypageman the Cleaver, a journeyman MiFi of Okawaru (D:11)
  Fannar (Lair:3)
  A catoblepas (Lair:2)
  A merfolk avatar (Lair:5)
  2 two-headed ogres
  A boulder beetle (D:11)
  2 death yaks (Lair:2)
  A soul eater (Gauntlet)
  A skyshark (Lair:3)
  2 orc knights
  Pikel (D:5)
  An orc sorcerer (Orc:2)
  A deep elf pyromancer (D:12)
  3 manticores
  A cyclops (D:12)
  An ice statue (Gauntlet)
  A kobold blastminer (Orc:1)
  Maurice (Orc:2)
  6 elephants
  6 black mambas
  2 gargoyles
  10 cane toads
  2 rime drakes
  10 komodo dragons
  6 polar bears
  3 trolls
  A hornet (D:4)
  7 blink frogs
  A snapping turtle (Lair:5)
  2 dream sheep (Lair:4)
  2 slime creatures (D:12)
  Prince Ribbit (D:5)
  4 shadows
  2 vampires
  37 yaks
  8 wyverns
  A wraith (D:12)
  3 basilisks
  3 steam dragons
  2 vampire mosquitoes (D:11)
  Menkaure (D:6)
  3 swamp worms (Gauntlet)
  A naga (Lair:2)
  5 water moccasins
  23 orc warriors
  3 black bears (Lair:2)
  5 ice beasts
  A sky beast (D:6)
  2 laughing skulls (Gauntlet)
  5 ogres
  5 wolves
  4 centaurs
  2 phantoms
  2 kobold brigands
  14 bullfrogs
  A gnoll sergeant (D:12)
  3 scorpions
  4 wights
  12 killer bees
  2 vampire bats (D:7)
  A howler monkey (D:10)
  4 electric eels
  3 bombardier beetles
  9 hounds
  2 jellies
  6 orc priests
  A gnoll bouda (D:9)
  17 orc wizards
  An iguana (D:5)
  2 sleepcaps
  7 hell rats
  Robin (D:1)
  14 gnolls
  14 river rats
  7 adders
  2 shadow imps (Gauntlet)
  A white imp (D:7)
  An adder skeleton (D:2)
  4 dart slugs
  5 ribbon worms
  47 orcs
  18 ball pythons
  A bat zombie (D:2)
  8 endoplasms
  5 giant cockroaches
  19 goblins
  18 hobgoblins
  3 jackals (Sewer)
  2 quokkas
  18 bats
  2 frilled lizards
  23 kobolds
  2 quokka zombies (D:2)
  7 rats
517 creatures vanquished.

Vanquished Creatures (collateral kills)
  5 hydras
  A boulder beetle (Lair:2)
  2 death yaks (Lair:2)
  A skyshark (Lair:2)
  A lindwurm (Lair:4)
  A harpy (Lair:5)
  4 elephants
  A kobold blastminer (Orc:1)
  3 black mambas
  3 cane toads
  A torpor snail (Lair:5)
  A komodo dragon (Lair:2)
  2 polar bears
  4 dream sheep (Lair:4)
  A blink frog (Lair:2)
  2 wyverns
  13 yaks
  2 basilisks
  A warg (Orc:1)
  A vampire mosquito (D:11)
  A naga (Lair:2)
  2 water moccasins
  2 orc warriors (Orc:1)
  A black bear (Lair:2)
  An ogre (Orc:1)
  4 wolves
  3 bullfrogs
  An electric eel (Lair:3)
  An orc priest (Orc:2)
  2 hell rats (Lair:3)
  3 orc wizards (D:11)
  A river rat (Lair:2)
  15 orcs
87 creatures vanquished.

Vanquished Creatures (others)
  Erolcha (D:10)
  A spectral merfolk (Lair:5)
  A spectral skyshark (Orc:2)
  A spectral elephant (Lair:5)
  A catoblepas zombie (Lair:2)
  2 death yak zombies (Lair:2)
  A hydra zombie (Lair:2)
  A harpy zombie (Lair:5)
  2 black mamba zombies
  A spectral polar bear (Lair:5)
  An elephant zombie (Lair:5)
  3 blink frog zombies
  A komodo dragon zombie (Lair:5)
  A cyclops zombie (D:12)
  A wyvern zombie (Lair:2)
  A water moccasin zombie (Lair:3)
  10 yak zombies
  A black bear zombie (Lair:2)
  An ogre zombie (Orc:2)
  A naga zombie (Lair:2)
  A vine stalker zombie (Orc:2)
  A hell rat zombie (Lair:3)
  A gnoll zombie (D:12)
  2 river rat zombies (Lair:2)
  12 orc zombies
50 creatures vanquished.

Grand Total: 654 creatures vanquished

Notes
Turn   | Place    | Note
-------+----------+-------------------------------------------
     0 | D:1      | octoduck the Troll Fighter began the quest for the Orb.
     0 | D:1      | Reached XP level 1. HP: 22/22 MP: 0/0
   267 | D:1      | Reached XP level 2. HP: 12/29 MP: 1/1
   565 | D:1      | Found a faded altar of an unknown god.
   762 | D:2      | Reached XP level 3. HP: 36/36 MP: 2/2
  1011 | D:2      | Noticed Robin
  1155 | D:2      | Reached skill level 3 in Unarmed Combat
  1218 | D:2      | Found Zadonod's Weapon Emporium.
  1280 | D:2      | Reached XP level 4. HP: 44/44 MP: 3/3
  1305 | D:1      | Killed Robin
  1658 | D:3      | Reached XP level 5. HP: 53/53 MP: 4/4
  1754 | D:3      | Found a glowing drain.
  1758 | Sewer    | Entered a sewer
  2541 | D:3      | Noticed an ice beast
  2544 | D:3      | Reached skill level 4 in Unarmed Combat
  2901 | D:3      | Killed an ice beast
  2902 | D:3      | Reached XP level 6. HP: 56/61 MP: 5/5
  3270 | D:4      | Noticed a hornet
  3279 | D:4      | Killed a hornet
  3280 | D:4      | Reached skill level 5 in Unarmed Combat
  3280 | D:4      | Reached XP level 7. HP: 53/68 MP: 6/6
  3508 | D:4      | Identified the +0 barding of Action {Will+ Regen+ Str-4
                  | Dex+4}
  3924 | D:4      | Found a snail-covered altar of Cheibriados.
  4211 | D:5      | Entered Level 5 of the Dungeon
  4211 | D:5      | Found a hide-covered altar of Uskayaw.
  4274 | D:5      | Identified the +2 leather armour of the Giraffatuar {rC++
                  | rCorr Int+4}
  4305 | D:5      | Identified the +8 mace of Kuczet {venom, Str+3 Dex+3}
  4341 | D:5      | Found a sacrificial altar of Ru.
  4414 | D:4      | Reached skill level 6 in Unarmed Combat
  4553 | D:5      | Reached XP level 8. HP: 70/78 MP: 7/7
  4630 | D:5      | Found a staircase to the Ecumenical Temple.
  4649 | Temple   | Entered the Ecumenical Temple
  4779 | D:5      | Noticed Prince Ribbit
  4786 | D:5      | Killed Prince Ribbit
  4804 | D:5      | Noticed Pikel
  4823 | D:5      | Reached skill level 5 in Shields
  4830 | D:5      | Killed Pikel
  4831 | D:5      | Reached skill level 7 in Unarmed Combat
  5155 | D:5      | Reached skill level 5 in Fighting
  5300 | D:6      | Reached skill level 5 in Dodging
  5300 | D:6      | Reached XP level 9. HP: 66/88 MP: 8/8
  5471 | D:6      | Reached skill level 8 in Unarmed Combat
  5471 | D:6      | Found a shimmering altar of Xom.
  5983 | D:6      | Found a hazy altar of Hepliaklqana.
  6108 | D:6      | Noticed Menkaure
  6117 | D:6      | Killed Menkaure
  6307 | D:6      | Found an ancient bone altar of Kikubaaqudgha.
  7062 | D:6      | Reached skill level 9 in Unarmed Combat
  7874 | D:7      | Found a sparkling altar of Nemelex Xobeh.
  8284 | D:8      | Found a bloodstained altar of Trog.
  8434 | D:7      | Reached XP level 10. HP: 48/98 MP: 9/9
  8540 | D:8      | Found a sparkling altar of Nemelex Xobeh.
  8543 | D:8      | Found a burning altar of Makhleb.
  8564 | D:8      | Noticed a two-headed ogre
  8576 | D:8      | Killed a two-headed ogre
  8589 | D:8      | Found a flagged portal.
  8609 | D:8      | Found a shadowy altar of Dithmenos.
  8622 | D:8      | Found a shimmering blue altar of Sif Muna.
  8633 | Bailey   | Entered a bailey
  8648 | Bailey   | Noticed an orc warlord
  8782 | Bailey   | Reached skill level 10 in Unarmed Combat
  8897 | Bailey   | Found a runed translucent gate.
  8899 | Bailey   | Found a runed translucent gate.
  8900 | Bailey   | Found a runed translucent gate.
  8964 | Bailey   | Killed an orc warlord
  9011 | Bailey   | Reached skill level 13 in Unarmed Combat
  9011 | Bailey   | Reached XP level 11. HP: 107/107 MP: 10/10
  9404 | D:8      | Found Wuipelep's Armour Shoppe.
  9794 | D:9      | Found a runed translucent gate.
  9795 | D:9      | Found a runed translucent gate.
  9796 | D:9      | Found a runed translucent gate.
  9796 | D:9      | Noticed a two-headed ogre
 10204 | D:9      | Noticed turdburglar's ghost (journeyman MfSh)
 10205 | D:9      | Noticed a ten-headed hydra
 10317 | D:10     | Entered Level 10 of the Dungeon
 10453 | D:10     | Found a basalt altar of Yredelemnul.
 10479 | D:10     | Became a worshipper of Yredelemnul the Dark
 10522 | D:10     | Reached skill level 14 in Unarmed Combat
 10934 | D:10     | Reached * piety under Yredelemnul
 10940 | D:10     | Reached ** piety under Yredelemnul
 10941 | D:10     | Reached XP level 12. HP: 37/118 MP: 11/11
 10946 | D:10     | Reached *** piety under Yredelemnul
 11064 | D:10     | Reached **** piety under Yredelemnul
 11067 | D:10     | Reached ***** piety under Yredelemnul
 11096 | D:10     | Found a staircase to the Lair.
 11265 | D:10     | Noticed Erolcha
 11275 | D:10     | Killed Erolcha
 11552 | Lair:1   | Entered Level 1 of the Lair of Beasts
 11604 | Lair:1   | Reached skill level 1 in Invocations
 12047 | Lair:1   | Reached ****** piety under Yredelemnul
 12552 | Lair:2   | Noticed a catoblepas
 12576 | Lair:2   | Killed a catoblepas
 12786 | Lair:2   | Noticed a six-headed hydra
 12796 | Lair:2   | Killed a six-headed hydra
 12801 | Lair:2   | Noticed an eight-headed hydra
 12804 | Lair:2   | Killed an eight-headed hydra
 12805 | Lair:2   | Reached skill level 15 in Unarmed Combat
 12806 | Lair:2   | Noticed a death yak
 12807 | Lair:2   | Noticed a death yak
 12807 | Lair:2   | Noticed a death yak
 12808 | Lair:2   | Noticed a death yak
 12811 | Lair:2   | Killed a death yak
 12823 | Lair:2   | Killed a death yak
 12841 | Lair:2   | Killed a death yak
 12918 | Lair:2   | Killed a death yak
 12957 | Lair:2   | Found a staircase to the Snake Pit.
 12961 | Lair:2   | Reached XP level 13. HP: 108/127 MP: 15/15
 13209 | Lair:2   | Reached skill level 5 in Invocations
 14554 | Lair:3   | Found a sacrificial altar of Ru.
 14701 | Lair:3   | Found a staircase to the Swamp.
 14931 | Lair:3   | Noticed Fannar
 14948 | Lair:3   | Killed Fannar
 16004 | Lair:4   | Identified the +3 shortbow of Jotyudagg {heavy, Int+2}
 16093 | Lair:4   | Reached skill level 16 in Unarmed Combat
 16721 | Lair:5   | Entered Level 5 of the Lair of Beasts
 16941 | Lair:5   | Reached XP level 14. HP: 121/137 MP: 9/18
 17337 | Lair:5   | Found a staircase to the Slime Pits.
 17562 | Lair:5   | Found the +7 captain's cutlass {speed, disarm}
 17567 | Lair:5   | Identified the +3 morningstar of the Shoals {speed, rF+
                  | Will- Str+2}
 18226 | D:11     | Noticed jimmypageman's ghost (journeyman MiFi)
 18227 | D:11     | Found a staircase to the Orcish Mines.
 18227 | D:11     | Found Purhe Caobe's Armour Shoppe.
 18347 | D:11     | Found a gate leading to a gauntlet.
 18351 | Gauntlet | Entered a Gauntlet
 18351 | Gauntlet | Found a transporter.
 18351 | Gauntlet | Found a transporter.
 18351 | Gauntlet | Found a transporter.
 18358 | Gauntlet | Found a transporter.
 18389 | Gauntlet | Noticed a reaper
 18400 | Gauntlet | Found a transporter.
 18416 | Gauntlet | Found a transporter.
 18432 | Gauntlet | Found a transporter.
 18436 | Gauntlet | Found a large runed translucent door.
 18437 | Gauntlet | Found a large runed translucent door.
 18438 | Gauntlet | Found a large runed translucent door.
 18438 | Gauntlet | Found a large runed translucent door.
 18439 | Gauntlet | Found a runed translucent gate.
 18440 | Gauntlet | Found a transporter.
 18440 | Gauntlet | Found a runed translucent gate.
 18441 | Gauntlet | Found a runed translucent gate.
 18442 | Gauntlet | Found a large runed translucent door.
 18442 | Gauntlet | Found a large runed translucent door.
 18443 | Gauntlet | Found a large runed translucent door.
 18444 | Gauntlet | Found a large runed translucent door.
 18453 | Gauntlet | Found a large runed translucent door.
 18453 | Gauntlet | Found a large runed translucent door.
 18453 | Gauntlet | Found a runed translucent door.
 18453 | Gauntlet | Found a runed translucent door.
 18454 | Gauntlet | Found a large runed translucent door.
 18455 | Gauntlet | Found a large runed translucent door.
 18457 | Gauntlet | Found a transporter.
 18465 | Gauntlet | Found a transporter.
 18483 | Gauntlet | Found a transporter.
 18516 | Gauntlet | Found a transporter.
 18523 | Gauntlet | Found a large runed translucent door.
 18524 | Gauntlet | Found a large runed translucent door.
 18525 | Gauntlet | Found a large runed translucent door.
 18525 | Gauntlet | Found a large runed translucent door.
 18694 | Gauntlet | Identified the ring of Gidase {rN+ rCorr Str+6}
 19260 | D:11     | Found a large runed translucent door.
 19260 | D:11     | Found a large runed translucent door.
 19476 | D:11     | Killed jimmypageman's ghost
 19554 | Orc:1    | Entered Level 1 of the Orcish Mines
 20186 | Orc:2    | Entered Level 2 of the Orcish Mines
 20242 | Orc:2    | Noticed Rupert
 20669 | Orc:2    | Found a staircase to the Elven Halls.
 20863 | Orc:2    | Noticed Maurice
 20876 | Orc:2    | Killed Maurice
 20877 | Orc:2    | Reached skill level 10 in Shields
 20886 | Orc:2    | Your ally Maurice died
 20912 | Orc:2    | HP: 7/140 [poisoned by an orc warrior]
 20917 | Orc:1    | HP: 6/140 [poisoned by an orc warrior]
 21239 | D:12     | Reached skill level 17 in Unarmed Combat
 21898 | D:13     | Noticed Urug
 21920 | D:13     | Demolished by Urug

Illustrated notes

Levels and vault maps discovered:
D:1:      wander_arrival_fairy_ring, layout_loops_ring,
          hellmonk_ecumenical_altar_arch_garden
D:2:      layout_rooms, serial_undead, serial_undead_a, serial_undead_c,
          serial_undead_c, serial_undead_a, serial_shops, shop, uniq_robin
D:3:      layout_basic, gup_sewer_entry_bowl
D:4:      cheibrodos_thug_alley, layout_cave_pods, slow_altar_1
D:5:      layout_basic, nicolae_ru_great_annihilating_truth,
          lemuel_crystal_altar, minmay_temple_entry_glassed_door, serial_bayou,
          serial_bayou_pond_d, serial_bayou_crossing, serial_bayou_pond_b,
          serial_bayou_pond_e, uniq_prince_ribbit1, uniq_pikel
D:6:      layout_loops_cross, lemuel_tele_altar, mainiacjoe_overflow_alcove_4,
          regret_index_xom_buried_treasure, uniq_menkaure
D:7:      layout_loops_corners, dreamdust_princess_corridor,
          eino_small_chamber_without_monster, dk_noncrumbling_4,
          roderic_batcave, minmay_ruined_shrine
D:8:      layout_rooms, nemelex_xobeh_ov_fountains_minmay,
          mainiacjoe_overflow_paths, kennysheep_mini_moat,
          nicolae_sif_muna_little_library, grunt_dithmenos_smoke, serial_shops,
          nicolae_shop_tiny_glass, enter_bailey_2
D:9:      layout_gridville, gammafunk_ghost_hydra_chop
D:10:     layout_roguey, mainiacjoe_overflow_boulevard, erik_lair_dragon,
          serial_bayou, serial_bayou_shore_b, serial_bayou_pond_c,
          serial_bayou_pond_c, serial_bayou_lagoon_a, minmay_chambers_of_fives,
          uniq_erolcha
D:11:     layout_loops_ring, orc_david_3, gauntlet_entry_generic,
          ebering_ghost_disaster_area, nrook_uturn
D:12:     layout_basic
D:13:     layout_rooms, erik_vaults_2, uniq_urug
Temple:   hellmonk_temple_flake
Lair:1:   layout_regular_city, grunt_megastairs_1
Lair:2:   beast_lair_carwin_large_2, layout_cave_pods,
          guppyfry_snake_entry_garden, kennysheep_abandoned_house,
          infiniplex_staircase_pool
Lair:3:   layout_long_grid, minmay_swamp_entry_eels, basic_altar,
          grunt_megastairs_5, uniq_fannar
Lair:4:   layout_small_grid
Lair:5:   gammafunk_lair_ancient_temple, layout_regular_city, slime_entry_1
Orc:1:    layout_diamond_mine, serial_shops
Orc:2:    grunt_orc_cross, layout_caves, nicolae_orc_bridge_out, uniq_rupert,
          uniq_maurice

Skill      XL: |  1  2  3  4  5  6  7  8  9 10 11 12 13 14 |
---------------+-------------------------------------------+-----
Shields        | 3 4 5 6 7 8 9 10 | 10.1
Unarmed Combat | 3 4 5 6 7 9 13 14 15 16 17 | 17.0
Fighting       | 3 4 5 6 7 8 9 |  9.4
Dodging        | 3 4 5 6 7 8 9 |  9.3
Invocations    | 4 7 9 |  9.0

Action                     |  1- 3 |  4- 6 |  7- 9 | 10-12 | 13-15 || total
---------------------------+-------+-------+-------+-------+-------++-------
  Melee: Unarmed           |    89 |   159 |   322 |   335 |   649 ||  1554
  Throw: Dart              |       |       |       |     8 |     1 ||     9
         Large rock        |       |       |       |     2 |     1 ||     3
         Javelin           |       |       |       |     2 |     1 ||     3
 Invoke: Recall Undead Har |       |       |       |     1 |    13 ||    14
         Bind Soul         |       |       |       |       |     4 ||     4
  Evoke: Wand              |       |       |     7 |     4 |    12 ||    23
    Use: Potion            |     1 |     1 |       |     4 |     4 ||    10
         Scroll            |       |     8 |     9 |     7 |     9 ||    33
   Stab: Invisible         |       |       |     2 |       |       ||     2
         Distracted        |       |       |       |     2 |    12 ||    14
         Sleeping          |       |       |       |     3 |       ||     3
         Petrified         |       |       |       |     1 |       ||     1
 Armour: Robe              |    51 |   100 |   183 |   174 |   345 ||   853
  Dodge: Dodged            |    29 |    59 |   108 |   120 |   265 ||   581
         Repelled          |       |       |       |       |     1 ||     1
  Block: Kite shield       |    35 |    83 |   137 |   151 |   385 ||   791
         Reflection        |       |       |       |       |     4 ||     4
